 Dungeon Crawl Stone Soup version 0.27-a0-906-g0a00ce863d (webtiles) character file.

Game seed: 1267203046384971412

9 Alarkh the Insei (level 2, 10/22 HPs)
             Began as a Demonspawn Gladiator on Apr 6, 2021.
             Got out of the dungeon alive.
             The game lasted 00:00:22 (436 turns).

Alarkh the Insei (Demonspawn Gladiator)              Turns: 436, Time: 00:00:22

Health: 10/22      AC:  4    Str: 14    XL:     2   Next: 3%
Magic:  2/2        EV: 12    Int:  9    God:
Gold:   6          SH:  0    Dex: 14    Spells: 1/1 levels left

rFire    . . .     SeeInvis .     - Unarmed
rCold    . . .     Faith    .   (no shield)
rNeg     . . .     Spirit   .   a - +0 leather armour
rPois    .         Reflect  .   b - +0 helmet
rElec    .         Harm     .   (no cloak)
rCorr    .         Rampage  .   (no gloves)
Will     .....                  (no boots)
Stlth    +.........             (no amulet)
HPRegen  0.07/turn              (no ring)
MPRegen  0.16/turn              (no ring)

@: no status effects
A: magic regeneration
a: no special abilities


You escaped.
You visited 1 branch of the dungeon, and saw 1 of its levels.

You collected 6 gold pieces.

Inventory:

Missiles
 c - 3 throwing nets (quivered)
Armour
 a - a +0 leather armour (worn)
 b - a +0 helmet (worn)


   Skills:
 + Level 2.2 Fighting
 - Level 1.7 Throwing
 - Level 2.6 Dodging
 * Level 3.1 Unarmed Combat


You had one spell level left.
You didn't know any spells.
Your spell library was empty.

Dungeon Overview and Level Annotations

Branches:
Dungeon (1/15)

Altars:


Innate Abilities, Weirdness & Mutations

You regenerate magic rapidly.


Message History

Your Unarmed Combat skill increases to level 3!
You barely miss the hobgoblin. The hobgoblin closely misses you.
You closely miss the hobgoblin. The hobgoblin barely misses you.
You hit the hobgoblin.
You kill the hobgoblin!
No target in view!
No target in view!
No target in view!
No target in view!
A goblin is nearby!
A goblin is nearby!
A goblin is nearby!
The goblin completely misses you.
You barely miss the goblin. The goblin barely misses you.
You hit the goblin but do no damage. The goblin hits you with a +0 club.
You are too injured to fight recklessly!
You are too injured to fight recklessly!
You are too injured to fight recklessly!
You are too injured to fight recklessly!
You are too injured to fight recklessly!
You hit the goblin but do no damage. You closely miss the goblin.
Your punch misses the goblin. The goblin hits you with a +0 club.
You hit the goblin.
You kill the goblin!
You have reached level 2!
Your demonic ancestry asserts itself...
Your magic begins to regenerate rapidly.
You enter the shallow water.
Moving in this stuff is going to be slow.
Things that are here:
a +0 short sword; 5 stones
Things that are here:
a +0 short sword; 2 stones; a kobold corpse You enter the shallow water.
Moving in this stuff is going to be slow.
There is an open door here.
There is a staircase leading out of the dungeon here.
Are you sure you want to leave the Dungeon?
This will make you lose the game!
You have escaped!

######## #......#
#..###.#
###+#....#.# #.
#@#....8.#.## #.
#.#..#......## #.
#.'.####.....####
#.##
#.#..#..........#
...##
#.#....8.#.####.##
....######
###+#....#.#......
.........#
#.(###[##.#.##
#..#####.#
#......#....# #..#
#.# #########.###


There were no monsters in sight!

Vanquished Creatures
  An endoplasm (D:1)
  2 goblins (D:1)
  A hobgoblin (D:1)
  A frilled lizard (D:1)
  3 kobolds (D:1)
8 creatures vanquished.

Vanquished Creatures (others)
  11 plants (D:1)
11 creatures vanquished.

Grand Total: 19 creatures vanquished

Notes
Turn   | Place    | Note
-------+----------+-------------------------------------------
     0 | D:1      | Alarkh the Demonspawn Gladiator began the quest for the
                  | Orb.
     0 | D:1      | Reached XP level 1. HP: 16/16 MP: 1/1
   371 | D:1      | Reached skill level 3 in Unarmed Combat
   384 | D:1      | Gained mutation: You regenerate magic rapidly. [demonic
                  | ancestry]
   384 | D:1      | Reached XP level 2. HP: 7/22 MP: 2/2
   436 | D:$      | Got out of the dungeon alive.

Illustrated notes

Levels and vault maps discovered:
D:1:      dpeg_arrival_court, layout_loops_corners, serial_rivers,
          chequers_serial_rivers_micro_a, chequers_serial_rivers_micro_d,
          chequers_serial_rivers_micro_b, chequers_serial_rivers_small_a,
          chequers_serial_rivers_large_b, serial_bayou_lagoon_a,
          serial_bayou_crossing

Skill      XL: |  1 |
---------------+----+-----
Unarmed Combat | 3 |  3.1
Fighting       | |  2.2
Throwing       | |  1.7
Dodging        | |  2.6

Action                   || total
-------------------------++-------
Melee: Unarmed           ||    32
Armor: Leather armour    ||     4
Dodge: Dodged            ||    15

Table legend: (Time is in decaauts)
 A = Elapsed time spent in this place.
 B = Non-inter-level travel time spent in this place.
 C = Inter-level travel time spent in this place.
 D = Time resting spent in this place.
 E = Time spent auto-exploring this place.
 F = Levels seen in this place.
 G = Mean time per level.
                   A        B        C        D        E       F      G
               +--------+--------+--------+--------+--------+-----+--------+
         Total |    437 |    385 |     52 |    117 |    211 |   1 |  437.0 |
       Dungeon |    437 |    385 |     52 |    117 |    211 |   1 |  437.0 |
               +--------+--------+--------+--------+--------+-----+--------+

Top non-repeatable levels by time:
     D:1: 437 daAuts
